 Dungeon Crawl Stone Soup version 0.28-a0-1212-gc6b4282bc0 (webtiles) character file.

Game seed: 15587641553698623099

36 Majang the Cutter (level 3, 0/19 HPs)
             Began as a Spriggan Berserker on Dec 21, 2021.
             Was a Follower of Trog.
             Succumbed to an adder's poison
             ... on level 2 of the Dungeon.
             The game lasted 00:04:09 (1124 turns).

Majang the Cutter (Spriggan Berserker)              Turns: 1124, Time: 00:04:09

Health: 0/19       AC:  2    Str: 13    XL:     3   Next: 19%
Magic:  4/4        EV: 18    Int:  8    God:    Trog [*.....]
Gold:   23         SH:  0    Dex: 16    Spells: 2/2 levels left

rFire   . . .      SeeInvis +   a - +0 short sword
rCold   . . .      Faith    .   (shield restricted)
rNeg    . . .      Spirit   .   b - +0 animal skin
rPois   .          Reflect  .   (helmet restricted)
rElec   .          Harm     .   (no cloak)
rCorr   .          Rampage  .   (gloves unavailable)
Will    .....                   (boots unavailable)
Stlth   +.........              (no amulet)
HPRegen 0.06/turn               (no ring)
MPRegen 0.09/turn               (no ring)

@: lethally poisoned (0 -> -3), on berserk cooldown, slowed, invisible, quick
A: very small, no large weapons, unfitting armour, see invisible, speed 3
a: Renounce Religion, Berserk


You were on level 2 of the Dungeon.
You worshipped Trog.
Trog was aware of your devotion.
You visited 1 branch of the dungeon, and saw 2 of its levels.

You collected 23 gold pieces.

Inventory:

Hand Weapons
 a - a +0 short sword (weapon)
Missiles
 h - 69 sling bullets
Armour
 b - a +0 animal skin (worn)
Jewellery
 g - a ring of fire
Scrolls
 c - a scroll of fog {unknown}
 d - a scroll of fear {unknown}
 f - a scroll of identify {unknown}
 i - a scroll of vulnerability {unknown}


   Skills:
 + Level 2.8 Fighting
 * Level 4.3 Short Blades
 - Level 4.0 Dodging


You had 2 spell levels left.
You didn't know any spells.
Your spell library was empty.

Dungeon Overview and Level Annotations

Branches:
Dungeon (2/15)

Altars:


Innate Abilities, Weirdness & Mutations

You are very small and have problems with some larger weapons.
You are too small for most types of armour.
You have supernaturally acute eyesight. (SInv)
You cover ground extremely quickly. (Speed+++)


Message History

The adder is severely wounded.
You puncture the adder!
You kill the adder!
Trog accepts your kill.
You have reached level 3!
Your experience leads to an increase in your attributes!
Increase (S)trength, (I)ntelligence, or (D)exterity?
You feel agile. x2
You closely miss the jackal. The jackal barely misses you.
You puncture the jackal!
You kill the jackal!
Trog accepts your kill.
You puncture the goblin!
You kill the goblin!
Trog accepts your kill. The hobgoblin closely misses you.
The hobgoblin hits you.
Items here: ( )) ††.
You hit the hobgoblin.
You kill the hobgoblin!
Trog accepts your kill.
You closely miss the adder. The hobgoblin closely misses you.
The adder bites you.
You are poisoned.
The adder poisons you!
You closely miss the adder.
You feel sick. The hobgoblin closely misses you.
You miss the adder.
You are no longer berserk.
You are exhausted.
You feel yourself slow down.
You feel sick. The adder closely misses you.
You barely miss the adder.
* * * LOW HITPOINT WARNING * * *
You feel sick. The adder bites you but does no damage.
You closely miss the adder.
* * * LOW HITPOINT WARNING * * *
You feel sick. The adder closely misses you. The adder bites you.
* * * LOW HITPOINT WARNING * * *
Unknown command.
It was a potion of invisibility.
You fade into invisibility!
You die...

.... .......
.###.......
..#......# ####...
....#
##...##.###.(## #
#gZZ.# ...#...####
#S#g.####g##h.....
#@#....SS.g.......
#.#..####..g#Z####
..#..# #.#....#..
####...
....#####.# #.
..##.....# ... .#
...##.....# ### #.
...# ##....#. #
.... ######.


You could see an adder, a goblin and a howler monkey skeleton.

Vanquished Creatures
  An adder (D:2)
  3 bats (D:1)
  An endoplasm (D:1)
  2 giant cockroaches (D:1)
  2 goblins
  4 hobgoblins
  A jackal (D:2)
  A quokka (D:1)
  A ball python (D:1)
  3 frilled lizards
  4 kobolds (D:1)
23 creatures vanquished.

Notes
Turn   | Place    | Note
-------+----------+-------------------------------------------
     0 | D:1      | Majang the Spriggan Berserker began the quest for the Orb.
     0 | D:1      | Reached XP level 1. HP: 11/11 MP: 2/2
   264 | D:1      | Reached XP level 2. HP: 16/16 MP: 3/3
  1113 | D:2      | Reached XP level 3. HP: 18/19 MP: 4/4
  1124 | D:2      | Succumbed to an adder's poison

Illustrated notes

Levels and vault maps discovered:
D:1:      lightli_arrival_chessboard, layout_basic
D:2:      layout_rooms, serial_co_window_serial, co_window_corner_a,
          co_window_corner_a, co_window_corner_a, co_window_of_opportunity_a,
          co_window_corner_a, co_window_corner_ca, co_window_of_opportunity_c,
          co_window_cross_2, co_window_of_opportunity_b, uniq_terence,
          uniq_crazy_yiuf_cottage

Skill      XL: |  1  2 |
---------------+-------+-----
Short Blades   | 4 |  4.3
Fighting       | |  2.8
Dodging        | |  4.0

Action                   || total
-------------------------++-------
Melee: Short sword       ||   106
Invok: Berserk           ||     4
  Use: Potion            ||     1
Armor: Animal skin       ||     4
Dodge: Dodged            ||    82

Table legend: (Time is in decaauts)
 A = Elapsed time spent in this place.
 B = Non-inter-level travel time spent in this place.
 C = Inter-level travel time spent in this place.
 D = Time resting spent in this place.
 E = Time spent auto-exploring this place.
 F = Levels seen in this place.
 G = Mean time per level.
                   A        B        C        D        E       F      G
               +--------+--------+--------+--------+--------+-----+--------+
         Total |    903 |    901 |      2 |    419 |    267 |   2 |  451.5 |
       Dungeon |    903 |    901 |      2 |    419 |    267 |   2 |  451.5 |
               +--------+--------+--------+--------+--------+-----+--------+

Top non-repeatable levels by time:
     D:1: 860 daAuts
     D:2: 43 daAuts
